 Dungeon Crawl Stone Soup version 0.17.2-1-ge4368a0 (webtiles) character file.

70 tidbits the Changer (level 3, 0/27 HPs)
             Began as a Demigod Transmuter on Sept 19, 2017.
             Slain by Crazy Yiuf
             ... wielding a +4 quarterstaff of chaos
              (7 damage)
             ... on level 3 of the Dungeon.
             The game lasted 00:05:49 (644 turns).

tidbits the Changer (Demigod Transmuter)             Turns: 644, Time: 00:05:49

Health: 0/27       AC:  3    Str: 13    XL:     3   Next: 76%
Magic:  6/8        EV: 12    Int: 19    God:
Gold:   25         SH:  0    Dex: 16    Spells: 2 memorised, 3 levels left

rFire  . . .     SeeInvis .     m - +2 dagger (venom)
rCold  . . .     Clarity  .     b - +0 robe
rNeg   . . .     SustAt   +     (no shield)
rPois  .         Gourm    .     (no helmet)
rElec  .         Spirit   .     (no cloak)
rCorr  .         Warding  .     G - +0 pair of gloves
rMut   .         Stasis   .     (no boots)
MR     .....                    (no amulet)
Stlth  +.........               (no ring)
                                (no ring)

@: not resistant to hostile enchantments, very unstealthy
A: high mp 1, sustain attributes
a: no special abilities


You were on level 3 of the Dungeon.
You were not hungry.

You visited 1 branch of the dungeon, and saw 3 of its levels.

You collected 25 gold pieces.

Inventory:

Hand Weapons
 m - a +2 dagger of venom (weapon)
   (You took it off a goblin on level 2 of the Dungeon)
Missiles
 a - 20 arrows
Armour
 b - a +0 robe (worn)
 G - a +0 pair of gloves (worn)
   (You found it on level 1 of the Dungeon)
Scrolls
 g - 2 scrolls of teleportation {unknown}
 h - a scroll of amnesia {unknown}
 i - 2 scrolls of fear {unknown}
 j - 2 scrolls of remove curse {unknown}
Potions
 e - a potion of degeneration {unknown}
 k - a potion of heal wounds {unknown}
 l - a potion of might {unknown}
Books
 c - a book of Changes

   Spells                             Type                      Level
   a - Beastly Appendage              Transmutation                1
   b - Sticks to Snakes               Transmutation                2
   c - Spider Form                    Transmutation/Poison         3
   d - Ice Form                       Ice/Transmutation            4
   e - Blade Hands                    Transmutation                5
Comestibles
 d - a bread ration
 f - a meat ration
 n - 2 chunks of flesh


   Skills:
 - Level 0.8 Fighting
 - Level 1.7 Dodging
 - Level 3.1 Unarmed Combat
 - Level 2.0 Spellcasting
 + Level 3.4 Transmutations


You had 3 spell levels left.
You knew the following spells:

 Your Spells              Type           Power        Failure   Level  Hunger
e - Beastly Appendage     Trmt           ###...       6%          1    #......
k - Sticks to Snakes      Trmt           ###.......   10%         2    ###....


Dungeon Overview and Level Annotations

Branches:
Dungeon (3/15)

Annotations:
D:3 Crazy Yiuf


Innate Abilities, Weirdness & Mutations

You have an increased reservoir of magic (+10% MP).
Your attributes are resistant to harm.


Message History

Gang up on whom?
Press: ? - help, Dir - move target cursor, f - adder
Aim: an adder Attack!
Your adder barely misses the adder.
The adder closely misses your adder.
Your adder misses the adder. The adder bites your adder.
Your adder is poisoned.
The adder poisons your adder!
Your adder barely misses the adder.
The adder bites your adder.
Your adder bites the adder.
The adder is poisoned.
Your adder poisons the adder!
The adder barely misses your adder. What do you say? t - Shout!
Orders for allies: a - Attack new target. p - Attack previous target. r - Retreat! s - Stop attacking. w - Wait here. f - Follow me.
Anything else - Stay silent.
Gang up on whom?
Press: ? - help, Dir - move target cursor, f/p - adder
Aim: an adder (moderately wounded, poisoned) Attack!
Your adder barely misses the adder.
The adder bites your adder.
Your magical contamination has completely faded away.
Your adder withers and dies!
The adder closely misses your adder. The adder barely misses your adder.
Your adder bites the adder.
Your adder bites the adder.
The adder looks even sicker.
Your adder poisons the adder!
The adder closely misses your adder.
Your adder misses the adder.
The adder bites your adder but does no damage.
Your adder bites the adder.
The adder dies!
You swap places.
You see here an adder corpse.
You butcher the adder corpse.
n - 2 chunks of flesh You see here an adder skeleton.
Found a mace.
Your adder withers and dies!
You now have 25 gold pieces (gained 13).
Found an escape hatch in the floor.
Found a scroll labeled QOHEIN YWOIBAA.
There is an escape hatch in the floor here.
j - 2 scrolls labeled QOHEIN YWOIBAA (gained 1)
A giant cockroach comes into view.
The giant cockroach bites you but does no damage.
You hit the giant cockroach.
The giant cockroach is severely wounded.
The giant cockroach closely misses you.
You hit the giant cockroach.
You kill the giant cockroach! 2 bats come into view.
Found a stone staircase leading down.
Casting: Sticks to Snakes
Confirm with . or Enter, or press ? or * to list all spells.
You grow a pair of large bovine horns.
The bat barely misses you.
You completely miss the bat. The bat hits you but does no damage.
The bat hits you but does no damage.
You hit the bat.
You kill the bat!
The bat hits you but does no damage. The bat barely misses you.
You hit the bat but do no damage.
The bat is poisoned.
The bat closely misses you.
You kill the bat!
Found a ring mail.
Found a stone staircase leading up.
There is a stone staircase leading down here.
There is a stone staircase leading up here.
You climb upwards.
Found 3 arrows.
There is a stone staircase leading down here.
a - 22 arrows (gained 3)
There is a stone staircase leading down here.
Your transformation is almost over.
You climb downwards.
There is a stone staircase leading up here.
Adjust (i)tems, (s)pells, or (a)bilities?
Adjust which spell?
Okay, then.
Casting: Beastly Appendage
Confirm with . or Enter, or press ? or * to list all spells.
You create a snake!
There is a stone staircase leading down here.
You climb downwards.
Your summoned ally is left behind.
There is a stone staircase leading up here.
Your horns disappear.
Found a mace.
Crazy Yiuf the Enlightened comes into view.
He is wielding a quarterstaff of chaos.
Crazy Yiuf shouts!
Crazy Yiuf says, "Shadow!
Orb down spinner."
Crazy Yiuf hits you with a quarterstaff of chaos!
* * * LOW HITPOINT WARNING * * *
Casting: Sticks to Snakes
Confirm with . or Enter, or press ? or * to list all spells.
You create a snake!
Crazy Yiuf drinks a potion.
Crazy Yiuf flickers and vanishes!
Deactivating autopickup; reactivate with Ctrl-A.
Your adder closely misses something.
A bat comes into view.
You barely miss the bat. The bat hits you but does no damage.
The bat barely misses you. Something hits you!
You die...

#.....
#.##.####
#.##....
#.##..#####
#.#........
#<.....#
##....##
#....#
#@b#.#
##{..#
##.## ##S#
#.## ##.#
#.## ##.##
#...#


You could see a bat and a friendly adder.

Vanquished Creatures
  3 gnolls (D:2)
  An adder (D:2)
  A giant gecko (D:2)
  3 bats
  2 giant cockroaches
  2 goblins (D:1)
  2 hobgoblins
  5 jackals
  2 giant newts (D:1)
  2 kobolds
  A rat (D:1)
24 creatures vanquished.

Vanquished Creatures (collateral kills)
  An adder (D:2)
  A gnoll (D:2)
  2 goblins (D:2)
  A bat (D:2)
5 creatures vanquished.

Grand Total: 29 creatures vanquished

Notes
Turn   | Place    | Note
--------------------------------------------------------------
     0 | D:1      | tidbits the Demigod Transmuter began the quest for the Orb.
     0 | D:1      | Reached XP level 1. HP: 15/15 MP: 5/5
    49 | D:1      | Reached skill level 2 in Spellcasting
   200 | D:1      | Reached skill level 2 in Transmutations
   200 | D:1      | Reached XP level 2. HP: 22/22 MP: 7/7
   204 | D:1      | Learned a level 2 spell: Sticks to Snakes
   220 | D:1      | Reached skill level 3 in Unarmed Combat
   319 | D:2      | Found a sparkling altar of Nemelex Xobeh.
   431 | D:2      | Reached XP level 3. HP: 15/27 MP: 2/8
   438 | D:2      | HP: 1/27 [gnoll (2)]
   441 | D:2      | Reached skill level 3 in Transmutations
   630 | D:3      | Noticed Crazy Yiuf
   644 | D:3      | Slain by Crazy Yiuf

Action                   || total
-------------------------++-------
Melee: Unarmed           ||    37
       Dagger            ||    25
 Cast: Beastly Appendage ||    17
       Sticks to Snakes  ||     7
 Stab: Sleeping          ||     3

Table legend:
 A = Turns spent in this place as a percentage of turns spent in the entire game.
 B = Non-inter-level travel turns spent in this place as a percentage of non-inter-level travel turns spent in the entire game.
 C = Inter-level travel turns spent in this place as a percentage of turns spent in this place.
 D = Turns resting spent in this place as a percentage of non-inter-level travel turns spent in this place.
 E = Turns spent auto-exploring this place as a percentage of non-inter-level travel turns spent in this place.
 F = Non-inter-level travel turns spent in this place divided by the number of levels of this place that you've seen.
                   A       B       C       D       E      F
               +-------+-------+-------+-------+-------+----------------------
         Total | 100.0 | 100.0 |   0.0 |   0.0 |   0.0 | 201.3
       Dungeon | 100.0 | 100.0 |   0.0 |   0.0 |   0.0 | 201.3
               +-------+-------+-------+-------+-------+----------------------

Table legend:
 A = Kills in this place as a percentage of kills in entire the game.
 B = Kills by you in this place as a percentage of kills by you in the entire game.
 C = Kills by friends in this place as a percentage of kills by friends in the entire game.
 D = Other kills in this place as a percentage of other kills in the entire game.
 E = Experience gained in this place as a percentage of experience gained in the entire game.
 F = Experience gained in this place divided by the number of levels of this place that you have seen.
                   A       B       C       D       E      F
               +-------+-------+-------+-------+-------+----------------------
         Total | 100.0 | 100.0 | 100.0 |  -nan | 100.0 |  33.3
       Dungeon | 100.0 | 100.0 | 100.0 |  -nan | 100.0 |  33.3
               +-------+-------+-------+-------+-------+----------------------

Vault maps used:
D:1:      dpeg_arrival_ratfight
D:2:      kennysheep_goblin_castle, nemelex_altar_shiori, uniq_terence
D:3:      bh_walls_and_bars, uniq_robin, uniq_crazy_yiuf_cottage, uniq_jessica
